 Dungeon Crawl Stone Soup version 0.19-a0-607-g42021f0 (webtiles) character file.

145 georgeearnest the Covered (level 5, 0/46 HPs)
             Began as a Hill Orc Fighter on June 12, 2016.
             Killed from afar by an orc wizard (5 damage)
             ... with a puff of flame
             ... on level 3 of the Dungeon.
             The game lasted 00:05:07 (1944 turns).

georgeearnest the Covered (Hill Orc Fighter)        Turns: 1944, Time: 00:05:08

Health: 0/46       AC:  7    Str: 20    XL:     5   Next: 27%
Magic:  5/5        EV:  7    Int:  8    God:
Gold:   132        SH:  9    Dex: 10    Spells: 0 memorised, 4 levels left

rFire  . . .     SeeInvis .     a - +0 war axe
rCold  . . .     Gourm    .     b - +0 scale mail
rNeg   . . .     Faith    .     c - +0 shield
rPois  .         Spirit   .     (no helmet)
rElec  .         Dismiss  .     (no cloak)
rCorr  .         Reflect  .     (no gloves)
SustAt .         Harm     .     (no boots)
MR     .....                    (no amulet)
Stlth  ..........               (no ring)
                                (no ring)

@: not resistant to hostile enchantments, extremely unstealthy
A: no striking features
a: no special abilities


You were on level 3 of the Dungeon.
You were not hungry.

You visited 1 branch of the dungeon, and saw 3 of its levels.

You collected 132 gold pieces.

Inventory:

Hand Weapons
 a - a +0 war axe (weapon)
Armour
 b - a +0 scale mail (worn)
 c - a +0 shield (worn)
Scrolls
 e - 2 scrolls of enchant weapon {unknown}
 g - 2 scrolls of remove curse {unknown}
 h - a scroll of identify {unknown}
 j - 2 scrolls of amnesia {unknown}
 k - a scroll of random uselessness {unknown}
 m - a scroll of recharging {unknown}
Potions
 d - 3 potions of might
 l - a potion of cure mutation
Comestibles
 f - 3 bread rations
 i - 2 meat rations
 n - a royal jelly


   Skills:
 + Level 4.3 Fighting
 + Level 3.6 Axes
 + Level 4.5 Armour
 + Level 0.8 Dodging
 + Level 0.1 Stealth
 + Level 4.2 Shields


You had 4 spell levels left.
You didn't know any spells.

Dungeon Overview and Level Annotations

Branches:
Dungeon (3/15)

Altars:
Dithmenos
Elyvilon
Kikubaaqudgha
Zin


Message History

The puff of flame hits you!
* * * LOW HITPOINT WARNING * * *
You miss something.
You hear some strange, mumbled words.
A puff of flame appears from out of thin air!
You block the puff of flame.
You miss something.
You hear some strange, mumbled words.
Something tries to affect you, but you resist.
You closely miss something.
You hear some strange, mumbled words.
A puff of flame appears from out of thin air!
The puff of flame hits you!
* * * LOW HITPOINT WARNING * * *
Something hits you but does no damage.
It was a potion of cure mutation.
It has a very clean taste.
You hear some strange, mumbled words.
A puff of flame appears from out of thin air!
The puff of flame hits you!
You die...

#.# #.# ######### +###
##.###.....<.. ....
.....#.........# .....
...............# .....
...............# ..)...
...............####......
.....................>.(.
##..............@.#......
...).....#......{)#......
.#.##....................#
......#..(..####..)......#
........................!#
.........................#
.........................#
.........................#
.........................#


There were no monsters in sight!

Vanquished Creatures
  An orc wizard (D:3)
  3 adders (D:2)
  4 worms (D:2)
  A dart slug (D:2)
  A giant gecko (D:1)
  8 orcs (D:3)
  6 bats
  A bat zombie (D:1)
  5 giant cockroaches
  8 goblins
  5 hobgoblins
  4 jackals (D:1)
  A quokka (D:3)
  A ball python zombie (D:1)
  4 giant newts
  5 kobolds
  9 rats
67 creatures vanquished.

Notes
Turn   | Place    | Note
--------------------------------------------------------------
     0 | D:1      | georgeearnest the Hill Orc Fighter began the quest for the Orb.
     0 | D:1      | Reached XP level 1. HP: 19/19 MP: 1/1
   159 | D:1      | Reached XP level 2. HP: 27/27 MP: 2/2
   347 | D:1      | Reached XP level 3. HP: 25/33 MP: 3/3
   747 | D:2      | Reached XP level 4. HP: 31/40 MP: 4/4
  1275 | D:2      | Found a shadowy altar of Dithmenos.
  1599 | D:3      | Found a glowing silver altar of Zin.
  1599 | D:3      | Found a white marble altar of Elyvilon.
  1613 | D:3      | Reached XP level 5. HP: 31/46 MP: 5/5
  1740 | D:3      | Found an ancient bone altar of Kikubaaqudgha.
  1771 | D:3      | Found a faded altar of an unknown god.
  1944 | D:3      | Killed from afar by an orc wizard

Vault maps used:
D:1:      saegor_arrival_fortress
D:2:      lemuel_coloured_pillars_altar, grunt_decor_one_mirror
D:3:      grunt_temple_overflow_open, ecumenical_altar_1, first_bread

Skill      XL: |  1  2  3  4 |
---------------+-------------+-----
Fighting       | 4 |  4.3
Axes           | 3 |  3.6
Armour         | 4 |  4.5
Shields        | 4 |  4.2
Dodging        | |  0.8
Stealth        | |  0.1

Action                   |  1- 3 |  4- 6 || total
-------------------------+-------+-------++-------
Melee: War axe           |   108 |   137 ||   245
  Use: Potion            |       |     1 ||     1
  Eat: Bread ration      |       |     1 ||     1
Armor: Scale mail        |    54 |    68 ||   122
Dodge: Dodged            |    41 |    38 ||    79
Block: Shield            |    61 |    65 ||   126
